AoeStats
← uugurr

Arena

506506940Analyzed
2v2 RM · 17d ago on Sep 13, 2026· 49m 6s· 4 players
Game mode
Random Map
Map size
Medium (4 player)
Population
200
Speed
Normal
Resources
Standard
Victory
Conquest
Starting age
Dark Age
Ending age
Imperial Age
RankedLock teamsTeams togetherTeam positionsShared explorationLock speedFull tech treeHidden civsTurbo modeCheats
Victory
Defeat
🇺🇸 Turks · United States
897
+14
🇺🇸 Khmer · United States
868
+15
🇹🇷 Khmer · Türkiye
860
-15
🇹🇷 Bohemians · Türkiye
857
-14
halilgurel08
13:24 Feudal Age
14:23 Double-Bit Axe
14:24 Horse Collar
18:48 Castle Age
18:19 Scale Barding Armor
20:44 Bow Saw
20:35 Heavy Plow
26:33 Squires
28:34 Pikeman
39:16 Imperial Age
43:56 Chemistry
43:17 Ballistics
uugurr
12:41 Feudal Age
16:33 Castle Age
15:33 Horse Collar
18:00 Heavy Plow
27:52 Imperial Age
27:01 Double-Bit Axe
27:09 Gold Mining
27:10 Town Watch
29:00 Wheelbarrow
27:57 Light Cavalry
30:16 Hand Cart
31:19 Bloodlines
31:44 Pikeman
36:31 Heavy Scorpion
39:23 Gold Shaft Mining
38:40 Stone Mining
38:49 Loom
39:30 Bow Saw
40:56 Conscription
43:01 Stone Shaft Mining
43:00 Crop Rotation
43:06 Husbandry
44:40 Caravan
45:09 Cavalier
angelachang0220
8:28 Feudal Age
13:57 Castle Age
12:00 Double-Bit Axe
21:13 Husbandry
22:00 Scale Barding Armor
22:55 Bloodlines
30:11 Imperial Age
28:13 Forging
30:00 Iron Casting
31:38 Chain Barding Armor
32:32 Wheelbarrow
31:42 Horse Collar
32:13 Bow Saw
33:05 Plate Barding Armor
33:45 Heavy Plow
35:34 Chemistry
34:55 Ballistics
34:53 Cavalier
35:59 Hand Cart
38:36 Caravan
44:35 Blast Furnace
45:21 Crop Rotation
45:20 Double Crossbow
44:41 Elite Ballista Elephant
46:09 Padded Archer Armor
46:00 Fletching
挖西玖桃
11:28 Feudal Age
16:25 Castle Age
15:19 Double-Bit Axe
18:27 Bow Saw
19:01 Bloodlines
28:35 Horse Collar
32:15 Imperial Age
30:57 Husbandry
31:29 Scale Barding Armor
31:35 Forging
31:44 Stone Mining
33:26 Chain Barding Armor
33:42 Iron Casting
35:06 Iron Casting
35:45 Wheelbarrow
36:54 Two-Man Saw
35:58 Heavy Plow
37:27 Hand Cart
38:07 Artillery
38:10 Elite Janissary
40:32 Plate Barding Armor
40:57 Blast Furnace
45:50 Conscription
45:37 Gold Mining
Connection lost

Rejoining the realm…

Still unreachable

The connection could not be restored.

Session expired

The server has moved on; the page needs a fresh start.